 Dungeon Crawl Stone Soup version 0.23-a0-446-g036aa52d93 (webtiles) character file.

2366 Ladeesh the Geomancer (level 9, -2/47 HPs)
             Began as a Gargoyle Earth Elementalist on Nov 18, 2018.
             Was a Follower of Vehumet.
             Slain by a seven-headed hydra (7 damage)
             ... on level 8 of the Dungeon.
             The game lasted 00:19:35 (7611 turns).

Ladeesh the Geomancer (Gargoyle Earth Elementalist) Turns: 7611, Time: 00:19:36

Health: -2/47      AC: 12    Str: 13    XL:     9   Next: 44%
Magic:  19/19      EV: 12    Int: 18    God:    Vehumet [*.....]
Gold:   559        SH:  0    Dex: 10    Spells: 12/21 levels left

rFire    . . .     SeeInvis .   i - +5 short sword (elec)
rCold    . . .     Gourm    .   (no shield)
rNeg     + . .     Faith    .   q - +2 robe {MR+}
rPois    ∞         Spirit   .   (no helmet)
rElec    +         Reflect  .   (no cloak)
rCorr    .         Harm     .   (no gloves)
MR       +....                  k - +1 pair of boots
Stlth    ++........             (no amulet)
HPRegen  0.15/turn              (no ring)
MPRegen  0.16/turn              (no ring)

@: invisible
A: negative energy resistance 1, electricity resistance, unbreathing,
petrification resistance, rot immunity, AC +6
a: Renounce Religion


You were on level 8 of the Dungeon.
You worshipped Vehumet.
Vehumet was aware of your devotion.
You were not hungry.

You visited 2 branches of the dungeon, and saw 9 of its levels.

You collected 559 gold pieces.

Inventory:

Hand Weapons
 e - a +0 mace of venom
 i - a +5 short sword of electrocution (weapon)
Missiles
 b - 110 stones (quivered)
Armour
 k - a +1 pair of boots (worn)
 q - a +2 robe of magic resistance (worn)
Jewellery
 r - an uncursed amulet of the acrobat {unknown}
Wands
 p - a wand of random effects (14)
 u - a wand of flame (24)
Scrolls
 a - 4 scrolls of teleportation
 l - 3 scrolls of remove curse
 n - 2 scrolls of magic mapping
Potions
 c - a potion of invisibility
 f - 3 potions of might
 g - a potion of agility
 h - 2 potions of berserk rage
 j - 3 potions of curing
 m - 3 potions of heal wounds {unknown}
 s - a potion of flight {unknown}
 t - 2 potions of mutation {unknown}
Comestibles
 d - 14 rations
 o - 3 chunks of flesh


   Skills:
 + Level 1.4 Fighting
 + Level 1.3 Maces & Flails
 + Level 1.5 Armour
 + Level 2.0 Dodging
 - Level 2.1 Stealth
 + Level 6.7 Spellcasting
 + Level 6.8 Conjurations
   Level 0.7 Transmutations
 + Level 9.1 Earth Magic
 + Level 1.0 Evocations


You had 12 spell levels left.
You knew the following spells:

 Your Spells              Type           Power        Failure   Level  Hunger
a - Sandblast             Erth           #####.       1%          1    None
b - Stone Arrow           Conj/Erth      ####..       1%          3    ##.....
c - Lee's Rapid Deconstr  Erth           #####.....   7%          5    #####..

Your spell library contained the following spells:

 Spells                   Type           Power        Failure   Level  Hunger
 Shock                    Conj/Air       ###.         2%          1    None
 Passwall                 Tmut/Erth      ###.....     2%          2    None
 Petrify                  Tmut/Erth      ###.....     14%         4    ####...


Dungeon Overview and Level Annotations

Branches:
Dungeon (8/15)             Temple (1/1) D:6
   Lair: D:8-11

Altars:
Ashenzari
Cheibriados
Dithmenos
Elyvilon
Fedhas
Gozag
Hepliaklqana
Kikubaaqudgha
Makhleb
Nemelex Xobeh
Okawaru
Qazlal
Ru
Sif Muna
Trog
Uskayaw
Vehumet
Wu Jian
Xom
Yredelemnul
Zin
The Shining One


Innate Abilities, Weirdness & Mutations

You are resistant to torment.
Your stone body is resilient. (AC +6)
You are immune to poison.
You resist negative energy. (rN+)
You are resistant to electric shocks. (rElec)
You can survive without breathing.
You are immune to petrification.
You are immune to rotting.


Message History

The seven-headed hydra bites you.
The seven-headed hydra bites you but does no damage. x2
Unknown command.
The seven-headed hydra closely misses you.
The seven-headed hydra bites you! x2
* * * LOW HITPOINT WARNING * * *
The seven-headed hydra bites you.
* * * LOW HITPOINT WARNING * * *
The seven-headed hydra bites you.
* * * LOW HITPOINT WARNING * * *
The seven-headed hydra bites you but does no damage.
The seven-headed hydra closely misses you.
You see here a ball python corpse.
Okay, then.
Okay, then.
Unknown command.
You fade into invisibility!
The seven-headed hydra closely misses you.
The seven-headed hydra bites you!
You die...

#.# #.# #.# #.# #.#
#)# #.# #.# #.# #†#
## #.#######.###....
#.............#
#########.###########
#(..@D...(..#
........../.......
###.#######.####.# #
.# .# .. .# .#


You could see a seven-headed hydra.

Vanquished Creatures
  A spriggan (D:7)
  Duvessa (D:7)
  2 orc warriors (D:7)
  An ice beast (D:5)
  2 sky beasts (D:5)
  A black bear (D:8)
  A necrophage (D:7)
  An ogre (D:5)
  3 centaurs (D:7)
  2 bullfrogs (D:6)
  Dowan (D:7)
  2 scorpions (D:4)
  2 howler monkeys (D:4)
  3 crimson imps
  A jelly (D:7)
  3 hounds
  A centaur skeleton (D:2)
  An iguana (D:7)
  2 orc wizards
  6 worker ants
  2 killer bee zombies
  3 hound skeletons (D:5)
  A worker ant zombie (D:6)
  4 gnolls (D:5)
  8 adders
  An ooze (D:3)
  An adder zombie (D:6)
  2 worms
  6 leopard geckos
  15 orcs
  3 giant cockroaches
  6 goblins
  13 hobgoblins
  8 jackals
  2 quokkas
  6 ball pythons
  5 bats
  7 frilled lizards
  9 kobolds
  2 quokka skeletons (D:4)
  5 rats
146 creatures vanquished.

Notes
Turn   | Place    | Note
-------+----------+-------------------------------------------
     0 | D:1      | Ladeesh the Gargoyle Earth Elementalist began the quest for
                  | the Orb.
     0 | D:1      | Reached XP level 1. HP: 10/10 MP: 3/3
   436 | D:1      | Reached skill level 4 in Earth Magic
   436 | D:1      | Reached XP level 2. HP: 15/15 MP: 5/5
  1180 | D:2      | Reached XP level 3. HP: 13/19 MP: 2/6
  1686 | D:2      | Found a sparkling altar of Nemelex Xobeh.
  1837 | D:2      | Reached skill level 5 in Earth Magic
  1837 | D:2      | Reached XP level 4. HP: 19/24 MP: 3/8
  1842 | D:2      | Learned a level 3 spell: Stone Arrow
  2409 | D:3      | Reached skill level 1 in Conjurations
  2409 | D:3      | Reached XP level 5. HP: 23/28 MP: 3/10
  2416 | D:3      | Learned a level 5 spell: Lee's Rapid Deconstruction
  3128 | D:4      | Reached XP level 6. HP: 18/32 MP: 1/12
  3332 | D:4      | Reached skill level 6 in Earth Magic
  3810 | D:5      | Entered Level 5 of the Dungeon
  3980 | D:5      | Reached XP level 7. HP: 22/36 MP: 4/13
  4514 | D:5      | Reached skill level 5 in Spellcasting
  4514 | D:5      | Reached skill level 7 in Earth Magic
  4633 | D:5      | Reached XP level 8. HP: 41/41 MP: 8/15
  5338 | D:6      | Reached skill level 5 in Conjurations
  5521 | D:6      | Found a staircase to the Ecumenical Temple.
  5548 | Temple   | Entered the Ecumenical Temple
  5841 | Temple   | Became a worshipper of Vehumet
  5888 | D:6      | Found a burning altar of Makhleb.
  6412 | D:7      | Reached skill level 8 in Earth Magic
  7001 | D:7      | Noticed Duvessa
  7006 | D:7      | Killed Duvessa
  7006 | D:7      | Reached XP level 9. HP: 45/45 MP: 6/18
  7052 | D:7      | Reached skill level 9 in Earth Magic
  7163 | D:7      | Reached * piety under Vehumet
  7163 | D:7      | Offered knowledge of Shock by Vehumet.
  7223 | D:7      | Reached skill level 1 in Fighting
  7223 | D:7      | Reached skill level 1 in Maces & Flails
  7223 | D:7      | Reached skill level 1 in Armour
  7370 | D:7      | Noticed Dowan
  7373 | D:7      | Killed Dowan
  7580 | D:8      | Reached skill level 1 in Evocations
  7605 | D:8      | Noticed a seven-headed hydra
  7611 | D:8      | Slain by a seven-headed hydra

Vault maps used:
D:1:      minmay_arrival_cross
D:2:      lemuel_doored_altar, minmay_3d_cube
D:3:      first_ration
D:5:      minmay_misc_feat_diagonals
D:6:      minmay_temple_entry_drinking_statues, basic_altar
D:7:      the_bakery, uniq_duvessa
D:8:      dpeg_lair_monsters
Temple:   regret_index_temple_sigil_plot

Skill      XL: |  1  2  3  4  5  6  7  8  9 |
---------------+----------------------------+-----
Earth Magic    | 4 5 6 7 8 9 |  9.1
Spellcasting   | 3 4 5 6 |  6.7
Conjurations   | 1 2 3 4 6 |  6.8
Fighting       | 1 |  1.4
Maces & Flails | 1 |  1.3
Armour         | 1 |  1.5
Dodging        | 2 |  2.0
Evocations     | 1 |  1.0
Stealth        | |  2.1
Transmutations | |  0.7

Action                   |  1- 3 |  4- 6 |  7- 9 || total
-------------------------+-------+-------+-------++-------
Melee: Dagger            |    14 |   121 |   123 ||   258
       Short sword       |   103 |     7 |    29 ||   139
 Cast: Sandblast         |    21 |    37 |    73 ||   131
       Stone Arrow       |       |     3 |    10 ||    13
       Lee's Rapid Decon |       |       |     3 ||     3
Evoke: Wand              |       |       |     1 ||     1
  Use: Scroll            |       |    11 |     3 ||    14
       Potion            |       |       |     2 ||     2
 Stab: Sleeping          |     1 |     1 |     5 ||     7
  Eat: Chunk             |     3 |     7 |    10 ||    20
       Ration            |       |       |     1 ||     1
Armor: Robe              |    44 |    60 |    97 ||   201
Dodge: Dodged            |   100 |    80 |   130 ||   310

Table legend:
 A = Non-vault XP
 B = Vault XP
 C = Vault XP percentage of total XP
 D = Non-vault monster count
 E = Vault monster count
 F = Vault count percentage of total count
                 A         B        C        D         E       F
            +---------+---------+-------+---------+---------+-------
      Total |    2925 |     456 |  13.5 |     139 |       7 |   4.8
            +---------+---------+-------+---------+---------+-------
        D:1 |      31 |       0 |   0.0 |      20 |       0 |   0.0
        D:2 |      92 |       8 |   8.0 |      17 |       4 |  19.0
        D:3 |      82 |       0 |   0.0 |      24 |       0 |   0.0
        D:4 |     315 |       0 |   0.0 |      15 |       0 |   0.0
        D:5 |     877 |       0 |   0.0 |      24 |       0 |   0.0
        D:6 |     279 |       0 |   0.0 |       9 |       0 |   0.0
        D:7 |    1079 |     448 |  29.3 |      27 |       3 |  10.0
        D:8 |     170 |       0 |   0.0 |       3 |       0 |   0.0
            +---------+---------+-------+---------+---------+-------
